 Dungeon Crawl Stone Soup version 0.21.1-1-g345015f (webtiles) character file.

2613 homeworkjunkie the Cleaver (level 9, 46/79 HPs)
             Began as a Hill Orc Fighter on Mar 13, 2018.
             Starved to death
             ... in an ossuary.
             The game lasted 00:12:54 (7400 turns).

homeworkjunkie the Cleaver (Hill Orc Fighter)       Turns: 7400, Time: 00:12:55

Health: 46/79      AC: 12    Str: 21    XL:     9   Next: 60%
Magic:  10/10      EV:  6    Int:  8    God:
Gold:   206        SH: 11    Dex: 13    Spells: 8/8 levels left

rFire    . . .     SeeInvis .   e - +3 hand axe (flame)
rCold    . . .     Gourm    .   c - +0 shield
rNeg     . . .     Faith    .   j - +1 chain mail
rPois    +         Spirit   +   q - +1 hat
rElec    .         Reflect  .   (no cloak)
rCorr    .         Harm     .   (no gloves)
MR       .....                  (no boots)
Stlth    ..........             u - amulet of guardian spirit
HPRegen  0.23/turn              v - ring of poison resistance
MPRegen  0.12/turn              b - +2 ring of dexterity

@: fainting, drained
A: no striking features
a: no special abilities


You were in an ossuary.
You were fainting.

You visited 1 branch of the dungeon, and saw 8 of its levels.
You also visited: Ossuary.

You collected 206 gold pieces.

Inventory:

Hand Weapons
 e - a +3 hand axe of flaming (weapon)
Armour
 c - a +0 shield (worn)
 j - a +1 chain mail (worn)
 q - a +1 hat (worn)
Jewellery
 b - a +2 ring of dexterity (right hand)
 u - an amulet of guardian spirit (around neck)
 v - a ring of poison resistance (left hand)
Wands
 o - a wand of paralysis (10)
 r - a wand of enslavement (14)
Scrolls
 a - 4 scrolls of remove curse
 g - 6 scrolls of identify
 h - 4 scrolls of teleportation
 s - 6 scrolls of blinking
Potions
 d - 2 potions of might
 f - 2 potions of lignification
 i - 2 potions of curing
 l - a potion of resistance
 m - 2 potions of ambrosia
 t - 2 potions of heal wounds


   Skills:
 * Level 7.1(6.6) Fighting
 * Level 9.9(9.4) Axes
 * Level 7.3(6.8) Armour
 + Level 0.9(0.4) Dodging
 + Level 1.3(0.8) Stealth
 * Level 7.3(6.8) Shields
 * Level 1.9(1.4) Evocations


You had 8 spell levels left.
You didn't know any spells.

Dungeon Overview and Level Annotations

Branches:
Dungeon (8/15)
 Temple: D:4-7         Lair: D:8-11

Altars:
Dithmenos
Elyvilon
Sif Muna
Wu Jian
Zin

Shops:
D:4 }%


Message History

There is an open door here.
It was a potion of lignification.
You turn into a tree.
Your +1 hat melds into your body.
Your +1 chain mail melds into your body.
Your roots penetrate the ground.
You lose consciousness!
You feel yourself speed up.
You can move again.
You lose consciousness!
You can move again.
Your transformation is almost over.
You feel less wooden.
Your +1 hat unmelds from your body.
Your +1 chain mail unmelds from your body.
You lose consciousness!
You can move again.
You lose consciousness!
You can move again.
You have starved to death.
You die...

#### ################ ....
................ ...
...............
##..###..###..###..##
+...#.#..#.#..#.#...'
#..####..#'#..#'#..#'#..##
#........#.#..#.#..#.#.... ##
#........@...^............ #W#
#..####.....^.###.......## ###
#..# +....8...#.#...8....' ##.##
#..####.......#'#^......##
##...###.............#.#.........
#.....##..............^..........
...∩...'..####..####.....####..##
.......'..# +...#.'...8.^.'.#...'
...∩...'..####..####.....####..##


There were no monsters in sight!

Vanquished Creatures
  A hippogriff (D:7)
  A wraith (Ossuary)
  A hungry ghost (D:6)
  Duvessa (D:4)
  A black bear (D:6)
  A phantom (D:7)
  4 ogres
  3 centaurs
  Blork the orc (D:6)
  3 bullfrogs
  Dowan (D:4)
  A scorpion (D:7)
  A wight (D:8)
  3 crimson imps
  A hound (D:4)
  A jelly (D:7)
  2 orc wizards
  4 orc priests
  Jessica (D:4)
  An iguana (D:6)
  3 worker ants (D:6)
  Natasha (thrice) (D:2)
  A killer bee zombie (D:8)
  A hound zombie (D:7)
  2 mummies (Ossuary)
  5 gnolls
  9 adders
  3 shadow imps
  4 worms
  3 dart slugs
  4 leopard geckos
  25 orcs
  5 giant cockroaches
  A gnoll zombie (Ossuary)
  5 goblins
  4 hobgoblins
  8 jackals
  11 kobolds
  2 quokkas
  3 ball pythons
  8 bats
  6 frilled lizards
  2 goblin zombies (Ossuary)
  2 hobgoblin zombies (Ossuary)
  5 kobold zombies (Ossuary)
  A leopard gecko skeleton (D:7)
  A quokka zombie (D:5)
  7 rats
167 creatures vanquished.

Notes
Turn   | Place    | Note
-------+----------+-------------------------------------------
     0 | D:1      | homeworkjunkie the Hill Orc Fighter began the quest for the Orb.
     0 | D:1      | Reached XP level 1. HP: 19/19 MP: 1/1
    39 | D:1      | Reached XP level 2. HP: 18/27 MP: 2/2
    82 | D:2      | Found a white marble altar of Elyvilon.
   238 | D:2      | Reached skill level 3 in Axes
   251 | D:2      | Noticed Natasha
   252 | D:2      | Reached XP level 3. HP: 30/33 MP: 3/3
   261 | D:2      | Killed Natasha
   291 | D:2      | Found an ornate altar of the Wu Jian Council.
   306 | D:2      | Reached XP level 4. HP: 30/40 MP: 4/4
   533 | D:2      | Noticed Natasha
   543 | D:2      | Killed Natasha
   668 | D:3      | Reached skill level 4 in Axes
   710 | D:3      | Reached XP level 5. HP: 18/47 MP: 5/5
  1774 | D:2      | Noticed Natasha
  1779 | D:2      | Killed Natasha
  1877 | D:2      | Found a glowing silver altar of Zin.
  1877 | D:2      | Found a shadowy altar of Dithmenos.
  2579 | D:5      | Entered Level 5 of the Dungeon
  2628 | D:4      | Noticed an ogre
  2633 | D:4      | Killed an ogre
  2633 | D:4      | Reached skill level 5 in Axes
  2633 | D:4      | Reached XP level 6. HP: 37/53 MP: 6/6
  3269 | D:4      | Noticed Jessica
  3275 | D:4      | Killed Jessica
  3275 | D:4      | Reached skill level 5 in Shields
  3279 | D:4      | Found a deep blue altar of Sif Muna.
  3394 | D:4      | Reached XP level 7. HP: 58/60 MP: 7/7
  3443 | D:4      | Found Beuz's Gadget Boutique.
  3543 | D:4      | Noticed Duvessa
  3546 | D:4      | Noticed Dowan
  3564 | D:4      | Killed Duvessa
  3564 | D:4      | Reached skill level 6 in Axes
  3590 | D:4      | HP: 2/60 [orc priest/hand axe (3)]
  3593 | D:4      | Reached skill level 5 in Fighting
  3607 | D:4      | Killed Dowan
  3607 | D:4      | Reached skill level 5 in Armour
  3829 | D:4      | Found Wumur's Food Shop.
  4097 | D:5      | Reached skill level 7 in Axes
  4327 | D:5      | Found a shadowy altar of Dithmenos.
  4453 | D:6      | Reached XP level 8. HP: 69/69 MP: 4/8
  4562 | D:6      | Noticed Blork the orc
  4565 | D:6      | Killed Blork the orc
  5143 | D:6      | HP: 3/70 [ogre/giant spiked club (20)]
  5146 | D:6      | Reached skill level 8 in Axes
  5940 | D:6      | Reached skill level 9 in Axes
  5940 | D:6      | Reached XP level 9. HP: 78/78 MP: 9/9
  6021 | D:7      | Reached skill level 1 in Evocations
  6166 | D:7      | Reached skill level 1 in Stealth
  6681 | D:8      | Found a sand-covered staircase.
  6688 | Ossuary  | Entered an ossuary
  7295 | Ossuary  | Paralysed by fainting for 12 turns
  7329 | Ossuary  | Paralysed by fainting for 10 turns
  7357 | Ossuary  | Paralysed by fainting for 8 turns
  7376 | Ossuary  | Paralysed by fainting for 6 turns
  7389 | Ossuary  | Paralysed by fainting for 10 turns
  7400 | Ossuary  | Starved to death

Skill      XL: |  1  2  3  4  5  6  7  8  9 |
---------------+----------------------------+-----
Fighting       | 4 5 6 7 |  7.1
Axes           | 3 4 5 7 9 |  9.9
Armour         | 4 5 6 7 |  7.3
Shields        | 4 5 6 7 |  7.3
Evocations     | 1 |  1.9
Stealth        | 1 |  1.3
Dodging        | |  0.9

Action                   |  1- 3 |  4- 6 |  7- 9 || total
-------------------------+-------+-------+-------++-------
Melee: War axe           |    14 |       |       ||    14
       Hand axe          |    34 |   178 |   397 ||   609
       Unarmed           |     2 |       |       ||     2
Evoke: Wand              |       |       |     7 ||     7
  Use: Scroll            |       |     6 |    10 ||    16
       Potion            |       |       |    12 ||    12
 Stab: Paralysed         |       |       |    10 ||    10
  Eat: Ration            |     1 |     3 |     3 ||     7
Armor: Scale mail        |    23 |    17 |       ||    40
       Chain mail        |       |    33 |   165 ||   198
Dodge: Dodged            |    19 |    36 |    84 ||   139
Block: Shield            |    22 |    74 |   165 ||   261
